Workbook

Sheet Index
A5: Inter-American Development Bank
A6: Labor Markets and Social Security Unit
A7: Social Sector
C11: Titulo | D11: Fuente | E11: Notas
B12: Figure 6.1: | C12: Tax morale in Latin America and the Caribbean vs. OECD: do you believe tax evasion is justified? | D12: Daude and Melguizo (2010). | E12: .
B13: Figure 6.2: | C13: Unemployment as a problem in Latin America and the Caribbean, according to citizens (as a percentage of respondents that listed it among their top five priorities) | D13: Author's calculations based on Machado and Vesga (2013). | E13: .
B14: Figure 6.3: | C14: Primary structural fiscal balances in select Latin American economies, 2000 vs. 2007 (as a percentage of GDP) | D14: Daude, Melguizo and Neut (2011), updated. | E14: .
B15: Figure 6.4: | C15: Cost of the pension reform vs. current spending on non-contributory pensions (LAC average) | D15: Authors' calculations. | E15: .
B16: Figure 6.5: | C16: Spending projections for non-contributory pensions in Latin America and the Caribbean, 2010 and 2050 (based on adjustments, as a percentage of GDP) | D16: Authors' calculations based on data from HelpAge (2012). | E16: Estimated cost to cover citizens over the age of 65 without a pension in 2050, with a current pension level adjusted for inflation or nominal GDP per capita growth. In Bolivia, it is assumed that the entire population 65+ is covered. In Brazil, rural pensions and the Benefício de prestação continuada are included.
B17: Figure 6.6: | C17: Tax burden in Latin America and the Caribbean per type of tax, as a percentage of GDP (based on a simple average) | D17: Corbacho, Fretes, and Lora (2013), based on IDB and CIAT (2012). | E17: .
B18: Figure 6.7: | C18: Social contributions and payroll taxes in Latin America and the Caribbean, 1987-2009 (as a percentage of wages) | D18: Lora and Fajardo (2012). | E18: .
B19: Figure 6.8: | C19: Consumption taxes and mandatory contributions to health and pensions in Latin America and the Caribbean, 2010 (as a percentage of GDP) | D19: IDB and CIAT (2012). | E19: The data on social contributions includes all mandatory contributions to public and private pension and health systems.
A26: “Copyright © [2015] Inter-American Development Bank. This work is licensed under a Creative Commons IGO 3.0 Attribution-NonCommercial-NoDerivatives (CC-IGO BY-NC-ND 3.0 IGO) license (http://creativecommons.org/licenses/by-nc-nd/3.0/igo/legalcode) and may be reproduced with attribution to the IDB and for any non-commercial purpose. No derivative work is allowed. Any dispute related to the use of the works of the IDB that cannot be settled amicably shall be submitted to arbitration pursuant to the UNCITRAL rules. The use of the IDB’s name for any purpose other than for attribution, and the use of IDB’s logo shall be subject to a separate written license agreement between the IDB and the user and is not authorized as part of this CC-IGO license. Note that link provided above includes additional terms and conditions of the license The results offered in this dataset are those compiled by the authors and do not necessarily reflect the views of the Inter-American Development Bank, its Board of Directors, or the countries they represent.”

Sheet 6.1
A2: Figure 6.1: | B2: =+Index!C12 -> Tax morale in Latin America and the Caribbean vs. OECD: do you believe tax evasion is justified?
A21: Source: | B21: =+Index!D12 -> Daude and Melguizo (2010).
C27: OECD | D27: LAC
B28: Never | C28: 0.61984211 | D28: 0.34061415
B29: Justified | C29: 0.071526316 | D29: 0.19967957
B30: Not justified or unjustified | C30: =1-C28-C29 -> 0.30863158 | D30: =1-D28-D29 -> 0.45970628

Sheet 6.2
A2: Figure 6.2: | B2: =+Index!C13 -> Unemployment as a problem in Latin America and the Caribbean, according to citizens (as a percentage of respondents that listed it among their top five priorities)
A17: Source: | B17: =+Index!D13 -> Author's calculations based on Machado and Vesga (2013).
B24: GUY | C24: 0.4731296
B25: COL | C25: 0.43535356
B26: NIC | C26: 0.34569729
B27: PRY | C27: 0.33298966
B28: BLZ | C28: 0.2973621
B29: ECU | C29: 0.28822979
B30: JAM | C30: 0.26484747
B31: BOL | C31: 0.25891896
B32: URU | C32: 0.25529958
B33: MEX | C33: 0.25517813
B34: PER | C34: 0.25191486
B35: BRA | C35: 0.21897815
... B45: TTO | C45: 0.051666657

Sheet 6.3
A2: Figure 6.3: | B2: =+Index!C14 -> Primary structural fiscal balances in select Latin American economies, 2000 vs. 2007 (as a percentage of GDP)
A21: Source: | B21: =+Index!D14 -> Daude, Melguizo and Neut (2011), updated.
B23: 2000 | C23: 2007
A24: ARG | B24: -0.39185852 | C24: 0.71814201 | D24: 1 | E24: 1
A25: BRA | B25: 3.2459888 | C25: 3.1441977 | D25: 2 | E25: 2
A26: CHL | B26: 0.38137853 | C26: 1.3733374 | D26: 3 | E26: 3
A27: COL | B27: 0.89871893 | C27: 1.3793357 | D27: 4 | E27: 4
A28: CRI | B28: 0.065985449 | C28: 2.603189 | D28: -1 | E28: -1
A29: MEX | B29: -1.3380904 | C29: -2.6370621 | D29: -2 | E29: -2
A30: PER | B30: 0.26347236 | C30: 1.8629553 | D30: -3 | E30: -3
A31: URU | B31: -1.6205825 | C31: 3.4169471 | D31: -4 | E31: -4

Sheet 6.4
A2: Figure 6.4: | B2: =+Index!C15 -> Cost of the pension reform vs. current spending on non-contributory pensions (LAC average)
A24: Source: | B24: =+Index!D15 -> Authors' calculations.
C35: Non-contributory pension | D35: Contribution subsidies
B36: Spending without reform 2010 | C36: 0.004
B37: Universal coverage spending 2010 | C37: 0.0067347568 | D37: 0.003873106
B38: Universal coverage spending 2050 | C38: 0.006608963 | D38: 0.0072212242

Sheet 6.5
A2: Figure 6.5: | B2: =+Index!C16 -> Spending projections for non-contributory pensions in Latin America and the Caribbean, 2010 and 2050 (based on adjustments, as a percentage of GDP)
A22: Source: | B22: =+Index!D16 -> Authors' calculations based on data from HelpAge (2012).
A23: Note: | B23: =+Index!E16 -> Estimated cost to cover citizens over the age of 65 without a pension in 2050, with a current pension level adjusted for inflation or nominal GDP per capita growth. In Bolivia, it is assumed that the entire population 65+ is covered. In Brazil, rural pensions and the Benefício de prestação continuada are included.
C25: Coste 2010 | D25: Coste actulizado Inflacion | E25: Coste Actualizado PIBpc | F25: Coste actualizado 1/2 punto porcentual por encima del crecimiento del PIB pc
A26: Argentina | B26: ARG | C26: 0.0023 | D26: 0.005966287 | E26: 0.016019861 | F26: 0.019462254
A27: Bolivia* | B27: BOL | C27: 0.010571905 | D27: 0.0075328035 | E27: 0.02042582 | F27: 0.034295931
A28: Brazil** | B28: BRA | C28: 0.0123 | D28: 0.013515594 | E28: 0.036290234 | F28: 0.04408838
A29: Chile | B29: CHL | C29: 0.009 | D29: 0.0057822842 | E29: 0.015525802 | F29: 0.01886203
A30: Colombia | B30: COL | C30: 0.00019 | D30: 0.002556965 | E30: 0.0068656142 | F30: 0.0083409164
A31: Costa Rica | B31: CRI | C31: 0.0018 | D31: 0.0069007266 | E31: 0.018528891 | F31: 0.022510431
A32: Ecuador | B32: ECU | C32: 0.003112785 | D32: 0.0057198399 | E32: 0.015358135 | F32: 0.018658334
A33: El Salvador | B33: SLV | C33: 0.00035850797 | D33: 0.0082830028 | E33: 0.022240391 | F33: 0.027019468
A34: Mexico | B34: MEX | C34: 0.0010904343 | D34: 0.0029810619 | E34: 0.0080043415 | F34: 0.0097243366
A35: Panama | B35: PAN | C35: 0.0030809908 | D35: 0.0045150512 | E35: 0.012123201 | F35: 0.014728268
A36: Paraguay | B36: PRY | C36: 0.0011757089 | D36: 0.013837144 | E36: 0.037153616 | F36: 0.045137288
A37: Peru | B37: PER | C37: 0.00074243793 | D37: 0.0050740858 | E37: 0.013624244 | F37: 0.01655186
A38: Rep. Dominicana | B38: DOM | D38: 0.0073802751 | E38: 0.01981651 | F38: 0.024074736
A39: Uruguay | B39: URY | C39: 0.0062 | D39: 0.0030549206 | E39: 0.0082026569 | F39: 0.0099652665
A40: Venezuela | B40: VEN | D40: 0.019071216 | E40: 0.051207432 | F40: 0.062211026
B41: Promedio | C41: =+AVERAGE(C26:C40) -> 0.0039940592 | D41: =+AVERAGE(D26:D40) -> 0.0074780839 | E41: =+AVERAGE(E26:E40) -> 0.02009245 | F41: =+AVERAGE(F26:F40) -> 0.025042035

Sheet 6.6
A2: Figure 6.6: | B2: =Index!C17 -> Tax burden in Latin America and the Caribbean per type of tax, as a percentage of GDP (based on a simple average)
A28: Source: | B28: =+Index!D17 -> Corbacho, Fretes, and Lora (2013), based on IDB and CIAT (2012).
A32: renta personas, renta empresas, IVA, comercio internacional, propiedad, específicos, seguridad social, recursos naturales, resto.
B36: 1990-95 | C36: 1996-2000 | D36: 2001-05 | E36: 2006-10 | G36: 100
A37: Individual taxes | B37: 1.6184659 | C37: 1.7218958 | D37: 1.8456292 | E37: 1.9671243
A38: Corporate taxes | B38: 1.9134604 | C38: 2.1489464 | D38: 2.5516368 | E38: 3.4375631
A39: VAT | B39: 4.3119709 | C39: 5.0247451 | D39: 5.741074 | E39: 6.3462904
A40: Trade | B40: 2.65411 | C40: 2.072084 | D40: 1.9003805 | E40: 1.7373319
A41: Property | B41: 0.42885941 | C41: 0.41801794 | D41: 0.46021041 | E41: 0.47073852
A42: Specific | B42: 1.9160728 | C42: 1.6563492 | D42: 1.7180465 | E42: 1.5694301
A43: Social Security | B43: 2.9795898 | C43: 3.5484291 | D43: 4.0635144 | E43: 4.1785853
A44: Natural resources | B44: 1.0952941 | C44: 0.92630958 | D44: 1.42349 | E44: 1.9163529
A45: Others | B45: 2.7564977 | C45: 3.1141879 | D45: 3.4009882 | E45: 4.3146807
A46: Total | B46: 19.674321 | C46: 20.630965 | D46: 23.10497 | E46: 25.938097
M96: Source: IDB and CIAT (2012).
M97: Note: The data correspond to the simple average of 21 countries in the region.

Sheet 6.7
A2: Figure 6.7: | B2: =+Index!C18 -> Social contributions and payroll taxes in Latin America and the Caribbean, 1987-2009 (as a percentage of wages)
A27: Source: | B27: =+Index!D18 -> Lora and Fajardo (2012).
B31: 2009 | C31: 1987
A32: JAM | B32: 8 | C32: 8 | D32: 0
A33: TTO | B33: 10.5 | C33: 8.4 | D33: 5
A34: HON | B34: 13.2 | C34: 13 | D34: 10
A35: GUA | B35: 17.5 | C35: 15.5 | D35: 15
A36: ECU | B36: 19.5 | C36: 19 | D36: 20
A37: PER | B37: 19.8 | C37: 22.5 | D37: 25
A38: SAL | B38: 21.5 | C38: 12.8 | D38: 30
A39: NIC | B39: 21.8 | C39: 17.1 | D39: 35
A40: CHL | B40: 22 | C40: 18.9 | D40: 40
A41: DOM | B41: 22.9 | C41: 12.5 | D41: 45
A42: VEN | B42: 23 | C42: 13.8 | D42: 50
A43: BOL | B43: 23.5 | C43: 20.5 | D43: 55
A44: LAC | B44: 24.326316 | C44: 20.873684
A45: PRY | B45: 25.5 | C45: 25.5
A46: URU | B46: 30.8 | C46: 32.2
A47: BRA | B47: 33.8 | C47: 26.7
A48: CRI | B48: 35.3 | C48: 30.5
A49: MEX | B49: 36.1 | C49: 24.7
A50: COL | B50: 37.5 | C50: 21.5
A51: ARG | B51: 40 | C51: 53.5

Sheet 6.8
A2: Figure 6.8: | B2: =+Index!C19 -> Consumption taxes and mandatory contributions to health and pensions in Latin America and the Caribbean, 2010 (as a percentage of GDP)
A21: Source: | B21: =+Index!D19 -> IDB and CIAT (2012).
A22: Note: | B22: =+Index!E19 -> The data on social contributions includes all mandatory contributions to public and private pension and health systems.
O25: 2012 | P25: 2011 | Q25: 2010 | R25: 2009
D26: Cotizaciones | E26: Impuestos generales sobre el consumo | G26: Margen para subir imp consumo | J26: IVA | N26: Contributions Collected for the National Insurance scheme | O26: 9454893000 | P26: 7621775000 | Q26: 5510777000 | R26: 5651102000
C27: ARG | D27: 7.0665233 | E27: 8.0674578 | F27: =6.4607+0.09*D27 -> 7.0966871 | G27: =F27-E27 -> -0.97077073
C28: BRB | D28: 5.9577045 | E28: 12.400818 | F28: =6.4607+0.09*D28 -> 6.9968934 | G28: =F28-E28 -> -5.403925 | N28: GDP (Local Currency and current Prices) | O28: 1067955000000 | P28: 1153666000000 | Q28: 1241783000000 | R28: 1320599000000
C29: BLZ | D29: 2.1552514 | E29: 8.608435 | F29: =6.4607+0.09*D29 -> 6.6546726 | G29: =F29-E29 -> -1.9537624 | N29: % of GDP | O29: 0.88 | P29: 0.66 | Q29: 0.44 | R29: 0.42
C30: BOL | D30: 3.3697843 | E30: 8.1194443 | F30: =6.4607+0.09*D30 -> 6.7639806 | G30: =F30-E30 -> -1.3554637
C31: BRA | D31: 6.6265775 | E31: 7.3416416 | F31: =6.4607+0.09*D31 -> 7.057092 | G31: =F31-E31 -> -0.28454967
C32: CHL | D32: 6.2289164 | E32: 8.0919171 | F32: =6.4607+0.09*D32 -> 7.0213025 | G32: =F32-E32 -> -1.0706146
C33: COL | D33: 4.7635914 | E33: 5.2676897 | F33: =6.4607+0.09*D33 -> 6.8894232 | G33: =F33-E33 -> 1.6217335
C34: CRI | D34: 8.1355771 | E34: 4.8902297 | F34: =6.4607+0.09*D34 -> 7.1929019 | G34: =F34-E34 -> 2.3026722
C35: ECU | D35: 4.3266385 | E35: 6.4839555 | F35: =6.4607+0.09*D35 -> 6.8500975 | G35: =F35-E35 -> 0.36614193
C36: SLV | D36: 4.1623635 | E36: 6.5384665 | F36: =6.4607+0.09*D36 -> 6.8353127 | G36: =F36-E36 -> 0.29684626
C37: GUA | D37: 1.5666781 | E37: 5.1176284 | F37: =6.4607+0.09*D37 -> 6.601701 | G37: =F37-E37 -> 1.4840726
C38: HND | D38: 2.9798869 | E38: 5.5178075 | F38: =6.4607+0.09*D38 -> 6.7288898 | G38: =F38-E38 -> 1.2110823
C39: JAM | D39: =Q29 -> 0.44 | E39: 10.322812 | F39: =6.4607+0.09*D39 -> 6.5003 | G39: =F39-E39 -> -3.8225116
C40: MEX | D40: 2.4496407 | E40: 3.839733 | F40: =6.4607+0.09*D40 -> 6.6811677 | G40: =F40-E40 -> 2.8414347
C41: NIC | D41: 5.7821805 | E41: 7.399083 | F41: =6.4607+0.09*D41 -> 6.9810962 | G41: =F41-E41 -> -0.41798676
C42: PAN | D42: 6.1140075 | E42: 2.8613023 | F42: =6.4607+0.09*D42 -> 7.0109607 | G42: =F42-E42 -> 4.1496583
C43: PRY | D43: 4.0655765 | E43: 7.4610329 | F43: =6.4607+0.09*D43 -> 6.8266019 | G43: =F43-E43 -> -0.63443105
C44: PER | D44: 3.015515 | E44: 6.6942092 | F44: =6.4607+0.09*D44 -> 6.7320963 | G44: =F44-E44 -> 0.037887123
C45: DOM | D45: 2.5860661 | E45: 4.3047111 | F45: =6.4607+0.09*D45 -> 6.693446 | G45: =F45-E45 -> 2.3887349
C46: URY | D46: 8.6845741 | E46: 8.9260043 | F46: =6.4607+0.09*D46 -> 7.2423117 | G46: =F46-E46 -> -1.6836926
C47: TTO | D47: 2.3195452 | E47: 5.7314708 | F47: =6.4607+0.09*D47 -> 6.6694591 | G47: =F47-E47 -> 0.93798827
